 Dungeon Crawl Stone Soup version 0.30-a0-840-ga523dec638 (webtiles) character file.

Game seed: 4267377164433131175

144 cforsyth the Sneak (level 5, -1/32 HPs)
             Began as a Kobold Brigand on Mar 2, 2023.
             Killed by divine providence
             ... invoked by an orc priest
              (13 damage)
             ... on level 2 of the Dungeon.
             The game lasted 00:02:41 (2807 turns).

cforsyth the Sneak (Kobold Brigand)                 Turns: 2807, Time: 00:02:41

Health: -1/32      AC:  4    Str:  8    XL:     5   Next: 51%
Magic:  5/5        EV: 15    Int: 12    God:
Gold:   122        SH:  0    Dex: 19    Spells: 4/4 levels left

rFire   . . .      SeeInvis .    a - +2 dagger
rCold   . . .      Faith    .    (no shield)
rNeg    . . .      Spirit   .    b - +0 robe
rPois   .          Reflect  .    (no helmet)
rElec   .          Harm     .    c - +0 cloak
rCorr   .          Rampage  .    (no gloves)
Will    .....                    h - +0 pair of boots
Stlth   +++++                    (no amulet)
HPRegen 0.25/turn                (no ring)
MPRegen 0.09/turn                (no ring)

@: no status effects
A: small, no large weapons, nightstalker 3
a: no special abilities


You were on level 2 of the Dungeon.
You visited 1 branch of the dungeon, and saw 3 of its levels.

You collected 122 gold pieces.

Inventory:

Hand Weapons
 a - a +2 dagger (weapon)
Missiles
 d - 9 poisoned darts (quivered)
 e - 3 curare-tipped darts
 s - a throwing net
Armour
 b - a +0 robe (worn)
 c - a +0 cloak (worn)
 h - a +0 pair of boots (worn)
Scrolls
 f - 2 scrolls of noise {unknown}
 g - a scroll of immolation {unknown}
 i - 2 scrolls of teleportation {unknown}
 j - a scroll of brand weapon {unknown}
 k - a scroll of identify {unknown}
 l - a scroll of blinking {unknown}
 m - a scroll of enchant armour {unknown}
 q - 2 scrolls of fog {unknown}
 r - a scroll of fear {unknown}
 t - a scroll of poison {unknown}
Potions
 n - a potion of curing {unknown}
 o - a potion of flight {unknown}
 p - a potion of brilliance {unknown}
 u - a potion of berserk rage {unknown}


   Skills:
 + Level 3.4 Fighting
 + Level 4.2 Short Blades
 - Level 2.1 Throwing
 + Level 3.0 Dodging
 + Level 6.4 Stealth


You had 4 spell levels left.
You didn't know any spells.
Your spell library contained the following spells:

 Spells                   Type           Power      Damage    Failure   Level
 Slow                     Hex            0%         N/A       32%         1
 Confusing Touch          Hex            0%         N/A       69%         3
 Gell's Gravitas          Tloc           0%         N/A       69%         3
 Teleport Other           Tloc           0%         N/A       69%         3
 Vampiric Draining        Necr           0%         2d6       69%         3
 Vhi's Electric Charge    Tloc/Air       0%         N/A       69%         3
 Arcjolt                  Conj/Air       0%         1d10      100%        5
 Dispersal                Tloc           0%         N/A       100%        6
 Maxwell's Capacitive Co  Air            0%         ∞         100%        8


Dungeon Overview and Level Annotations

Branches:
Dungeon (3/15)

Altars:
Xom

Shops:
D:2 =


Innate Abilities, Weirdness & Mutations

You are small and have problems with some larger weapons.
You are completely attuned to the shadows.


Message History

There is a stone staircase leading up here.
You see here a +0 dagger.
The orc priest hits you with a +0 hand axe.
You climb upwards.
There is a stone staircase leading down here.
You closely miss the orc priest.
The orc priest calls down the wrath of Beogh upon you.
Beogh smites you!
You are too injured to fight recklessly!
You are too injured to fight recklessly!
You are too injured to fight recklessly!
You are too injured to fight recklessly!
You are too injured to fight recklessly!
You are too injured to fight recklessly!
You are too injured to fight recklessly!
You are too injured to fight recklessly!
You are too injured to fight recklessly!
You are too injured to fight recklessly!
You are too injured to fight recklessly!
You are too injured to fight recklessly!
You hit the orc priest but do no damage.
You hit the orc priest but do no damage.
The orc priest closely misses you.
You hit the orc priest but do no damage.
The orc priest hits you with a +0 hand axe.
You completely miss the orc priest.
The orc priest hits you but does no damage.
You hit the orc priest.
The orc priest is heavily wounded.
The orc priest barely misses you.
You hit the orc priest but do no damage.
The orc priest is heavily wounded.
You hit the orc priest but do no damage.
The orc priest is heavily wounded.
The orc priest hits you but does no damage.
You hit the orc priest but do no damage.
The orc priest is heavily wounded.
The orc priest calls down the wrath of Beogh upon you.
Beogh smites you!
You die...

#.##......#.## #.# ##
####.##.######..# #.# #.
#....##.# ###.### #.# #.
#.#####.# #.....# #.# #. #.#
##.#####.#.#.#####.# #. #.#
#..................# #. #(#
#..#####.#.#.####..# ##( #.#
#..#####.....# #..###.. ###
#.# #.....o@##.### #..##...
..#
#.####.#####[##.######..#....
#.# #.##..<..#
#..<.........#.... #.#
#.##.###.# ####.######..#.#..
#.# #.##.# #.# #.## ##.#.##.
#.# #.##.###.#
##..######...... #.#
#.##....)# #.....).........
#.#
#.####.#######.......#.......
#.# #.#
#..............###......


You could see an orc priest.

Vanquished Creatures
  5 gnolls
  4 adders
  2 dart slugs
  3 orcs
  2 bats (D:1)
  9 endoplasms
  3 giant cockroaches
  4 goblins
  A hobgoblin (D:1)
  2 jackals (D:1)
  3 quokkas (D:1)
  4 ball pythons
  A frilled lizard (D:2)
  3 kobolds
  5 rats
51 creatures vanquished.

Notes
Turn   | Place    | Note
-------+----------+-------------------------------------------
     0 | D:1      | cforsyth the Kobold Brigand began the quest for the Orb.
     0 | D:1      | Reached XP level 1. HP: 12/12 MP: 1/1
    52 | D:1      | Reached XP level 2. HP: 18/18 MP: 2/2
   365 | D:1      | Reached XP level 3. HP: 22/22 MP: 3/3
   833 | D:2      | Found a shimmering altar of Xom.
  1047 | D:2      | Found Xuojos's Jewellery Shoppe.
  1085 | D:2      | Reached XP level 4. HP: 27/27 MP: 4/4
  1141 | D:2      | Reached skill level 6 in Stealth
  1931 | D:2      | Reached XP level 5. HP: 20/32 MP: 5/5
  2807 | D:2      | Killed from afar by an orc priest

Illustrated notes

Levels and vault maps discovered:
D:1:      saegor_arrival_simple_b, layout_loops_ring, st_stairs_10,
          item_on_display_a
D:2:      layout_loops_ring, basic_altar, serial_shops,
          nicolae_shop_hallway_plus, roderic_serpentine_path, nicolae_half_adder
D:3:      layout_loops_ring

Skill      XL: |  1  2  3  4  5 |
---------------+----------------+-----
Short Blades   | 3 4 |  4.2
Dodging        | 2 3 |  3.0
Fighting       | 3 |  3.4
Stealth        | 6 |  6.4
Throwing       | |  2.1

Action                     |  1- 3 |  4- 6 || total
---------------------------+-------+-------++-------
  Melee: Dagger            |    49 |   137 ||   186
   Stab: Sleeping          |    17 |    16 ||    33
         Distracted        |       |     1 ||     1
 Armour: Robe              |     3 |     8 ||    11
  Dodge: Dodged            |    20 |    63 ||    83

Table legend: (Time is in decaauts)
 A = Elapsed time spent in this place.
 B = Non-inter-level travel time spent in this place.
 C = Inter-level travel time spent in this place.
 D = Time resting spent in this place.
 E = Time spent auto-exploring this place.
 F = Levels seen in this place.
 G = Mean time per level.
                   A        B        C        D        E       F      G
               +--------+--------+--------+--------+--------+-----+--------+
         Total |   2773 |   2742 |     31 |    535 |   1787 |   3 |  924.3 |
       Dungeon |   2773 |   2742 |     31 |    535 |   1787 |   3 |  924.3 |
               +--------+--------+--------+--------+--------+-----+--------+

Top non-repeatable levels by time:
     D:2: 1738 daAuts
     D:1: 734 daAuts
     D:3: 301 daAuts
